 Dungeon Crawl Stone Soup version 0.25.1-3-ge44b62a0b3 (webtiles) character file.

Game seed: 4330127120000600815

17 BledDest the Sneak (level 2, 22/22 HPs)
             Began as a Demonspawn Assassin on Nov 17, 2020.
             Quit the game on level 1 of the Dungeon on Nov 20, 2020.
             The game lasted 00:01:23 (397 turns).

BledDest the Sneak (Demonspawn Assassin)             Turns: 397, Time: 00:01:24

Health: 22/22      AC:  3    Str: 11    XL:     2   Next: 44%
Magic:  2/2        EV: 11    Int: 18    God:
Gold:   24         SH:  0    Dex: 14    Spells: 1/1 levels left

rFire    . . .     SeeInvis .   a - +2 dagger
rCold    . . .     Gourm    .   (no shield)
rNeg     . . .     Faith    .   b - +0 robe
rPois    .         Spirit   .   (helmet restricted)
rElec    .         Reflect  .   c - +0 cloak
rCorr    .         Harm     .   (no gloves)
MR       .....                  (no boots)
Stlth    +++.......             (no amulet)
HPRegen  0.07/turn              l - +6 ring of intelligence
MPRegen  0.08/turn              (no ring)

@: no status effects
A: antennae 1
a: no special abilities


You were on level 1 of the Dungeon.
You were not hungry.

You visited 1 branch of the dungeon, and saw 1 of its levels.

You collected 24 gold pieces.

Inventory:

Hand Weapons
 a - a +2 dagger (weapon)
Missiles
 d - 8 poisoned darts (quivered)
 e - 2 curare-tipped darts
Armour
 b - a +0 robe (worn)
 c - a +0 cloak (worn)
Jewellery
 l - a +6 ring of intelligence (left hand)
 m - an uncursed ring of stealth {unknown}
Scrolls
 g - a scroll of amnesia {unknown}
 i - a scroll of identify {unknown}
 j - a scroll of remove curse {unknown}
 k - a scroll of enchant armour {unknown}
Comestibles
 f - a ration
 h - 2 chunks of flesh


   Skills:
 - Level 2.0 Fighting
 - Level 1.7 Short Blades
 - Level 1.7 Throwing
 - Level 0.8 Dodging
 + Level 4.4 Stealth


You had one spell level left.
You didn't know any spells.
Your spell library was empty.

Dungeon Overview and Level Annotations

Branches:
Dungeon (1/15)

Altars:


Innate Abilities, Weirdness & Mutations

You have a pair of small antennae on your head.


Message History

Some of the chunks of flesh in your inventory have rotted away.
A rat comes into view.
You hit the rat.
The rat is severely wounded.
The rat barely misses you.
You hit the rat.
You kill the rat!
No target in view!
No target in view!
You butcher the rat corpse.
h - 4 chunks of flesh (gained 1)
You see here a rat skeleton. x2
You open the door.
There is an open door here.
Some of the chunks of flesh in your inventory have rotted away.
A rat comes into view.
The rat moves out of view.
Welcome back, BledDest the Demonspawn Assassin.
Press ? for a list of commands and other information.
Are you sure you want to abandon this character and quit the game? (Confirm with "yes".)

##.#.......#.#.#.#.#.
.###....>............
÷...........#.#.#.#.#
...............).... .
.....#.......#.#.#.#.#.#
.###.#............. ....
'###.#....#...#.#.#.#.#.
..........#.............
...............#@#.#.#.#
......).................
......####......####.###
................#
......###.......#
......###..######
...............# ...
........######.# ♣..
.........# #.# ...


There were no monsters in sight!

Vanquished Creatures
  A dart slug (D:1)
  2 leopard geckos (D:1)
  A giant cockroach (D:1)
  2 goblins (D:1)
  A hobgoblin (D:1)
  A bat (D:1)
  A frilled lizard (D:1)
  A kobold (D:1)
  4 rats (D:1)
14 creatures vanquished.

Notes
Turn   | Place    | Note
-------+----------+-------------------------------------------
     0 | D:1      | BledDest the Demonspawn Assassin began the quest for the
                  | Orb.
     0 | D:1      | Reached XP level 1. HP: 16/16 MP: 1/1
   138 | D:1      | Reached skill level 4 in Stealth
   168 | D:1      | Gained mutation: You have a pair of small antennae on your
                  | head. [demonic ancestry]
   168 | D:1      | Reached XP level 2. HP: 19/22 MP: 2/2
   397 | D:1      | Upgraded the game from 0.25.1-2-g60ff931df9 to
                  | 0.25.1-3-ge44b62a0b3
   397 | D:1      | Quit the game

Illustrated notes

Levels and vault maps discovered:
D:1:      roderic_dead_forest, layout_basic, hex_large

Skill      XL: |  1 |
---------------+----+-----
Stealth        | 4 |  4.4
Fighting       | |  2.0
Short Blades   | |  1.7
Throwing       | |  1.7
Dodging        | |  0.8

Action                   || total
-------------------------++-------
Melee: Dagger            ||    39
 Stab: Distracted        ||     1
Armor: Robe              ||    12
Dodge: Dodged            ||    23
